 Dungeon Crawl Stone Soup version 0.28.0-53-g5a82cb258f (webtiles) character file.

Game seed: 5071666662602389364

359 moldycheese5 the Conjurer (level 6, -1/36 HPs)
             Began as an Octopode Conjurer on June 20, 2022.
             Succumbed to a scorpion's poison
             ... on level 5 of the Dungeon.
             The game lasted 00:12:27 (4877 turns).

moldycheese5 the Conjurer (Octopode Conjurer)       Turns: 4877, Time: 00:12:28

Health: -1/36      AC:  1    Str:  6    XL:     6   Next: 65%
Magic:  15/21      EV: 13    Int: 23    God:
Gold:   186        SH:  0    Dex: 16    Spells: 9/13 levels left

rFire   + . .      SeeInvis .   i - +10 quarterstaff "Urchoug" {flame, +Blink Will+ Stlth+}
rCold   x . .      Faith    .   (shield currently unavailable)
rNeg    . . .      Spirit   .   (helmet restricted)
rPois   .          Reflect  .   (no amulet)
rElec   .          Harm     .   f - +6 ring of dexterity
rCorr   .          Rampage  .   h - ring of fire
Will    +....                   c - ring of magical power
Stlth   +++++.....              (no ring)
HPRegen 0.12/turn               (no ring)
MPRegen 0.17/turn               (no ring)
                                (no ring)
                                (no ring)

@: lethally poisoned (-1 -> -9), attractive
A: almost no armour, amphibious, 8 rings, camouflage 1, gelatinous body 1,
(nimble swimmer 1), tentacles
a: Evoke Blink


You were on level 5 of the Dungeon.
You visited 1 branch of the dungeon, and saw 5 of its levels.

You collected 186 gold pieces.

Inventory:

Hand Weapons
 d - a +4 whip
 i - the +10 quarterstaff "Urchoug" (weapon) {flame, +Blink Will+ Stlth+}
   (You found it on level 3 of the Dungeon)

   It burns those it strikes, dealing additional fire damage.
   +Blink:    It lets you blink.
   Will:      It increases your willpower.
   Stlth:     It makes you more stealthy.
Jewellery
 c - a ring of magical power (on tentacle)
 f - a +6 ring of dexterity (left tentacle)
 h - a ring of fire (right tentacle)
Scrolls
 a - a scroll of identify {unknown}
 j - a scroll of noise {unknown}
 l - a scroll of holy word {unknown}
Potions
 b - a potion of brilliance
 e - 3 potions of curing
 k - a potion of heal wounds {unknown}


   Skills:
 + Level 0.1 Fighting
 + Level 1.0 Staves
 + Level 2.2 Dodging
 + Level 3.9 Stealth
 + Level 4.0 Spellcasting
 + Level 6.0 Conjurations
 + Level 0.4 Evocations


You had 9 spell levels left.
You knew the following spells:

 Your Spells              Type           Power      Damage    Failure   Level
a - Magic Dart            Conj           100%       1d8       1%          1
b - Dazzling Flash        Conj/Hex       36%        N/A       9%          3

Your spell library contained the following spells:

 Spells                   Type           Power      Damage    Failure   Level
 Searing Ray              Conj           64%        2d6       1%          2
 Fulminant Prism          Conj/Hex       9%         3d7       30%         4
 Iskenderun's Mystic Bla  Conj/Tloc      18%        2d6       30%         4


Dungeon Overview and Level Annotations

Branches:
Dungeon (5/15)
 Temple: D:4-7

Altars:
Okawaru

Annotations:
D:3 Sigmund


Innate Abilities, Weirdness & Mutations

You cannot wear most types of armour.
You are amphibious.
You can wear up to eight rings at the same time.
Your skin changes colour to match your surroundings (Stealth+).
Your rubbery body absorbs attacks. (AC +1, EV +1)
((You are camouflaged when in or above water. (Stealth+)))
You have tentacles for arms and can constrict up to eight enemies at once.


Message History

The magic dart hits the scorpion but does no damage.
The magic dart hits the scorpion but does no damage.
The magic dart hits the scorpion but does no damage.
The scorpion closely misses you.
The magic dart hits the scorpion.
The scorpion is moderately wounded.
The scorpion stings you!
The magic dart hits the scorpion.
The scorpion is heavily wounded.
The scorpion stings you.
You are poisoned.
The scorpion poisons you!
The magic dart hits the scorpion but does no damage.
The scorpion is heavily wounded.
You feel very sick. The scorpion closely misses you. The scorpion stings you.
The magic dart hits the scorpion but does no damage.
The scorpion is heavily wounded.
You feel very sick. The scorpion barely misses you.
You are too injured to fight recklessly!
You are too injured to fight recklessly!
As you open the door, it creaks loudly!
A mummy comes into view.
You feel sick. The scorpion stings you.
Found 24 sling bullets.
You feel sick. The scorpion completely misses you.
You feel sick.
You feel sick. The scorpion stings you.
* * * LOW HITPOINT WARNING * * *
You are lethally poisoned!
The scorpion poisons you!
* * * LOW HITPOINT WARNING * * *
You feel very sick.
* * * LOW HITPOINT WARNING * * *
You feel very sick.
Unknown command.
It was a potion of attraction.
You feel attractive to monsters.
You die...

..# .##.. #.#
..+. ... #...
#.## #.. #>.#
#.. #..## ##
#.## #...#
##..#..######.#
#...'M...s@...#
##(.#.#########
## #.# #.. #..
#..# ...# ...+


You could see a mummy and a scorpion.

Vanquished Creatures
  A necrophage (D:4)
  A black bear (D:4)
  A hound (D:4)
  A centaur skeleton (D:4)
  A hound skeleton (D:4)
  Robin (D:3)
  2 adders
  2 worms (D:2)
  A dart slug (D:1)
  An orc (D:4)
  3 endoplasms
  3 giant cockroaches
  14 goblins
  5 hobgoblins
  2 jackals (D:2)
  3 quokkas
  7 ball pythons
  3 bats (D:1)
  3 frilled lizards
  9 kobolds
  3 rats (D:2)
67 creatures vanquished.

Notes
Turn   | Place    | Note
-------+----------+-------------------------------------------
     0 | D:1      | moldycheese5 the Octopode Conjurer began the quest for the
                  | Orb.
     0 | D:1      | Reached XP level 1. HP: 11/11 MP: 3/3
   391 | D:1      | Reached XP level 2. HP: 17/17 MP: 1/5
  1377 | D:2      | Reached XP level 3. HP: 21/21 MP: 0/6
  2052 | D:2      | Reached skill level 5 in Conjurations
  2409 | D:2      | Found an iron altar of Okawaru.
  2922 | D:3      | Reached XP level 4. HP: 27/27 MP: 5/7
  2941 | D:3      | Identified the +10 quarterstaff "Urchoug" {flame, +Blink
                  | Will+ Stlth+}
  3093 | D:3      | Noticed Sigmund
  3359 | D:3      | Noticed Robin
  3370 | D:3      | Killed Robin
  3722 | D:4      | Learned a level 3 spell: Dazzling Flash
  3832 | D:4      | Reached XP level 5. HP: 26/31 MP: 9/9
  3991 | D:4      | Noticed a black bear
  3998 | D:4      | Killed a black bear
  3999 | D:4      | Reached XP level 6. HP: 36/36 MP: 11/11
  4069 | D:4      | Noticed a necrophage
  4115 | D:5      | Entered Level 5 of the Dungeon
  4134 | D:4      | Killed a necrophage
  4135 | D:4      | Reached skill level 1 in Staves
  4630 | D:4      | Reached skill level 6 in Conjurations
  4876 | D:5      | HP: 1/36 [poisoned by a scorpion]
  4877 | D:5      | Succumbed to a scorpion's poison

Illustrated notes

Levels and vault maps discovered:
D:1:      nzn_arrival_crosshair, layout_basic, serial_forest,
          infiniplex_forest_end_3, infiniplex_forest_side_room,
          infiniplex_forest_straight_1, infiniplex_forest_clump_small,
          infiniplex_forest_fountain, infiniplex_forest_lined_room_2,
          infiniplex_forest_corner_1, infiniplex_forest_straight_5,
          infiniplex_forest_zigzag_2, infiniplex_forest_straight_3
D:2:      layout_loops_corners, basic_altar, uniq_crazy_yiuf_cottage
D:3:      layout_loops_ring, hellmonk_ecumenical_altar_watching_god,
          uniq_sigmund, uniq_robin, uniq_natasha
D:4:      layout_cave_pools, chequers_decorated_corner, kennysheep_cross_room,
          grunt_ministairs_6
D:5:      layout_basic, minmay_temple_entry_proselytizer,
          gup_ossuary_entry_pyramid, uniq_ijyb

Skill      XL: |  1  2  3  4  5  6 |
---------------+-------------------+-----
Conjurations   | 5 6 |  6.0
Stealth        | 3 |  3.9
Spellcasting   | 3 4 |  4.0
Staves         | 1 |  1.0
Fighting       | |  0.1
Dodging        | |  2.2
Evocations     | |  0.4

Action                   |  1- 3 |  4- 6 || total
-------------------------+-------+-------++-------
Melee: Quarterstaff      |       |     3 ||     3
       Tentacles         |       |     1 ||     1
 Cast: Magic Dart        |    82 |    96 ||   178
 Abil: Evoke Blink       |       |     1 ||     1
  Use: Potion            |       |     4 ||     4
       Scroll            |       |     3 ||     3
Armor: Skin              |       |     3 ||     3
Dodge: Dodged            |     5 |    24 ||    29
